 Dungeon Sprint DCSS version 0.30-a0-956-gcec3b41aec (webtiles) character file.

Game seed: 2760797899411991217

2 Parcival the Covered (level 1, -10/20 HPs)
             Began as a Minotaur Fighter on Mar 29, 2023.
             Killed by nerve-wracking pain
             ... invoked by Jessica
              (14 damage)
             ... in the Dungeon (Sprint III: "The Ten Rune Challenge").
             The game lasted 00:00:08 (49 turns).

Parcival the Covered (Minotaur Fighter)               Turns: 49, Time: 00:00:09

Health: -10/20     AC:  7    Str: 20    XL:     1   Next: 33%
Magic:  0/0        EV:  9    Int:  5    God:
Gold:   0          SH:  4    Dex:  9    Spells: 0/0 levels left

rFire   . . .      SeeInvis .    a - +0 war axe
rCold   . . .      Faith    .    c - +0 buckler
rNeg    . . .      Spirit   .    b - +0 scale mail
rPois   .          Reflect  .    (helmet restricted)
rElec   .          Rampage  .    (no cloak)
rCorr   .          NoTele   +    (no gloves)
Will    .....                    (no boots) Stlth
                                 (no amulet)
HPRegen 0.23/turn                (no ring)
MPRegen 0.07/turn                (no ring)

@: slowed, very slow
A: horns 2, retaliatory headbutt
a: no special abilities


You were in the Dungeon.
You visited 1 branch

Inventory:

Hand Weapons
 a - a +0 war axe (weapon)
Armour
 b - a +0 scale mail (worn)
 c - a +0 buckler (worn)
Scrolls
 j - a scroll of blinking
Potions
 d - a potion of might
 e - a potion of curing
 f - a potion of heal wounds
 g - a potion of haste
 h - 2 potions of magic
 i - a potion of berserk rage


   Skills:
 + Level 4.0 Fighting
 + Level 2.6 Axes
 + Level 4.1 Armour
 + Level 4.0 Shields


You couldn't memorise any spells.
You didn't know any spells.
Your spell library was empty.

Dungeon Overview and Level Annotations

Branches:
Dungeon (1/1)

Altars:

Annotations:
D Jessica


Innate Abilities, Weirdness & Mutations

You have a pair of horns on your head.
You reflexively headbutt those who attack you in melee.


Message History

Your Armour skill increases to level 4!
Your Shields skill increases to level 4!
HP restored.
Jessica the Apprentice Sorceress comes into view.
She is wielding a +0 club and carrying a wand of roots (12).
Jessica casts a spell.
Jessica blinks!
Jessica moves out of view.
Jessica is nearby!
Jessica is nearby!
Jessica zaps a wand.
The roots erupt in riotous growth!
The grasping roots grab you! The grasping roots constrict you.
You escape the roots grasp.
Jessica zaps a wand.
The roots erupt in riotous growth!
The grasping roots grab you!
Jessica is unaffected.
The grasping roots constrict you.
You escape the roots grasp.
Jessica points at you and mumbles some strange words.
You feel yourself slow down.
You closely miss Jessica. Jessica closely misses you.
You block Jessica's attack.
You hit Jessica.
Jessica is heavily wounded.
Jessica casts a spell.
Jessica blinks!
Jessica casts a spell.
Jessica blinks!
Jessica casts a spell at you. Pain shoots through your body!
Jessica gestures wildly while chanting.
Jessica seems to speed up.
Jessica casts a spell at you. Pain shoots through your body!
Ouch! That really hurt!
* * * LOW HITPOINT WARNING * * *
Jessica gestures at you while chanting.
You barely resist. Jessica gestures at you while chanting.
Pain shoots through your body!
Ouch! That really hurt!
You die...

▓▓▓▓▓▓▓▓▓
▓<..#?..####
▓...#......##
▓..##@@.....#
▓##.##.##...#
##.##.###..#
▓#.####.# ..#
▓.###..## .##
▓#.....# .#
###..## .#
##..## .#
#..##


You could see Jessica (fast).

Vanquished Creatures
  2 endoplasms (D)
2 creatures vanquished.

Notes
Turn   | Place    | Note
-------+----------+-------------------------------------------
     0 | D        | Parcival the Minotaur Fighter began the quest for the Orb.
     0 | D        | Reached XP level 1. HP: 19/19 MP: 0/0
    38 | D        | Noticed Jessica
    49 | D        | Killed from afar by Jessica

Illustrated notes

Levels and vault maps discovered:
D:        dungeon_sprint_mu [sprint_mu_entry_cave, sprint_mu_temple_rooms,
          sprint_mu_d1_spiders, sprint_mu_d2_genie, sprint_mu_d3_branching,
          sprint_mu_orc_legion, sprint_mu_elf_gauntlet, sprint_mu_hive_nellie,
          sprint_mu_lair_fedhas, sprint_mu_vaults_butterflies,
          sprint_mu_slime_circle, sprint_mu_swamp_cave, sprint_mu_shoals_archi,
          sprint_mu_blade_basic, sprint_mu_crypt_lich, sprint_mu_tomb_spiral,
          sprint_mu_vestibule_basic, sprint_mu_gehenna_hellfire,
          sprint_mu_dis_giant, sprint_mu_tartarus_statrot,
          sprint_mu_cocytus_islands, sprint_mu_zot1]

Skill      XL: |  1 |
---------------+----+-----
Fighting       | 4 |  4.0
Armour         | 4 |  4.1
Shields        | 4 |  4.0
Axes           | |  2.6

Action                     || total
---------------------------++-------
  Melee: War axe           ||     7
         Headbutt          ||     1
  Dodge: Dodged            ||     2
  Block: Buckler           ||     1

Table legend: (Time is in decaauts)
 A = Elapsed time spent in this place.
 B = Non-inter-level travel time spent in this place.
 C = Inter-level travel time spent in this place.
 D = Time resting spent in this place.
 E = Time spent auto-exploring this place.
 F = Levels seen in this place.
 G = Mean time per level.
                   A        B        C        D        E       F      G
               +--------+--------+--------+--------+--------+-----+--------+
         Total |     54 |     54 |      0 |      0 |     29 |   1 |   54.0 |
       Dungeon |     54 |     54 |      0 |      0 |     29 |   1 |   54.0 |
               +--------+--------+--------+--------+--------+-----+--------+

Top non-repeatable levels by time:
       D: 54 daAuts
